 Dungeon Crawl Stone Soup version 0.30.0-5-g1a98f26d00 (webtiles) character file.

Game seed: 7096826612046904552

294 Demosthentine the Poker (level 6, -5/47 HPs)
             Began as a Demonspawn Gladiator on May 9, 2023.
             Slain by a gnoll
             ... wielding a +0 halberd
              (20 damage)
             ... on level 4 of the Dungeon.
             The game lasted 00:04:09 (3384 turns).

Demosthentine the Poker (Demonspawn Gladiator)      Turns: 3384, Time: 00:04:10

Health: -5/47      AC:  4    Str: 16    XL:     6   Next: 11%
Magic:  15/15      EV: 13    Int: 10    God:
Gold:   135        SH:  5    Dex: 14    Spells: 5/5 levels left

rFire   . . .        a - +0 trident
rCold   . . .        (no shield)
rNeg    . . .        b - +1 leather armour
rPois   .            (helmet restricted)
rElec   .            (no cloak)
rCorr   .            (no gloves)
SInv    .            (no boots)
Will    .....        j - amulet of reflection
Stlth   +            c - ring of magical power
HPRegen 0.27/turn    (no ring)
MPRegen 0.14/turn

%: reflection
@: no status effects
A: antennae 2
a: no special abilities


You were on level 4 of the Dungeon.
You visited 1 branch of the dungeon, and saw 4 of its levels.

You collected 135 gold pieces.

Inventory:

Hand Weapons
 a - a +0 trident (weapon)
Missiles
 d - 4 throwing nets (quivered)
 e - a javelin
 f - 14 poisoned darts
 i - 2 datura-tipped darts
Armour
 b - a +1 leather armour (worn)
Jewellery
 c - a ring of magical power (left hand)
 j - an amulet of reflection (around neck)
Wands
 l - a wand of polymorph (9)
Scrolls
 g - a scroll of identify
 h - a scroll of amnesia
 n - 2 scrolls of magic mapping
 o - a scroll of enchant armour
Potions
 p - a potion of curing
 q - a potion of invisibility
 s - a potion of brilliance
 t - a potion of heal wounds


   Skills:
 + Level 3.5 Fighting
 + Level 4.0 Polearms
 - Level 1.7 Throwing
 + Level 2.5 Armour
 + Level 3.8 Dodging


You had 5 spell levels left.
You didn't know any spells.
Your spell library contained the following spells:

 Spells                   Type           Power      Damage    Failure   Level
 Apportation              Tloc           0%         N/A       41%         1
 Lesser Beckoning         Tloc           0%         N/A       56%         2
 Gell's Gravitas          Tloc           0%         N/A       80%         3
 Teleport Other           Tloc           0%         N/A       80%         3
 Summon Lightning Spire   Summ/Air       0%         N/A       99%         4
 Alistair's Intoxication  Tmut/Pois      0%         N/A       100%        5
 Storm Form               Tmut/Air       0%         N/A       100%        7
 Maxwell's Capacitive Co  Air            0%         ∞         100%        8


Dungeon Overview and Level Annotations

Branches:
Dungeon (4/15)             Temple (0/1) D:4

Altars:
Hepliaklqana

Shops:
D:1 :


Innate Abilities, Weirdness & Mutations

You have a pair of antennae on your head.


Message History

Found a staircase to the Ecumenical Temple.
You now have 135 gold pieces (gained 13).
Found a scroll of immolation.
Found a stone staircase leading down.
The gnoll shouts!
You see here a scroll of identify.
You reach to attack!
You hit the gnoll but do no damage.
The gnoll drinks a potion.
The gnoll goes berserk!
A gnoll is nearby!
You reach to attack!
You hit the gnoll.
The gnoll is lightly wounded.
You block the gnoll's attack.
You reach to attack!
You hit the gnoll.
The gnoll is moderately wounded.
The gnoll closely misses you.
The gnoll hits you from afar with a +0 halberd!
You reach to attack!
You closely miss the gnoll.
The gnoll is moderately wounded.
You block the gnoll's attack. The gnoll misses you.
You reach to attack!
You hit the gnoll.
The gnoll is moderately wounded.
The gnoll barely misses you.
You reach to attack!
You puncture the gnoll!
The gnoll is severely wounded.
You block the gnoll's attack. The gnoll barely misses you.
You reach to attack!
You hit the gnoll but do no damage.
The gnoll is severely wounded.
The gnoll hits you from afar with a +0 halberd! x2
Reach: a) +0 trident
Press: ? - help, Dir - move target, f/p - gnoll
Aim: a gnoll, wielding a +0 halberd (severely wounded, berserk, about 36% to evade your +0 trident)
You reach to attack!
You barely miss the gnoll.
The gnoll is severely wounded.
The gnoll barely misses you.
Reach: a) +0 trident
Press: ? - help, Dir - move target, f/p - gnoll
Aim: a gnoll, wielding a +0 halberd (severely wounded, berserk, about 36% to evade your +0 trident)
You reach to attack!
You barely miss the gnoll.
The gnoll is severely wounded.
The gnoll hits you from afar with a +0 halberd!!
You die...

#...........#....)...#
##......####........#
##..>.###...###...##
#.........# #...# ####
##?........#####..###.##
#.........##.......#....
##.............###......
#......?....#.........##
#......@....##........#.
.............#...........
........g................
....................##.#
.....................###
.....................#
...................###
.............#...###
...............##


You could see a gnoll (berserk).

Vanquished Creatures
  The ghost of TrollFarmer the Vexing, an amateur SpEn (D:3)
  A hound (D:3)
  2 adders (D:4)
  A worm (D:2)
  2 dart slugs
  6 orcs
  7 bats
  7 endoplasms
  3 giant cockroaches (D:1)
  13 goblins
  8 hobgoblins
  10 jackals
  2 quokkas
  3 ball pythons
  5 frilled lizards
  8 kobolds
  3 rats
82 creatures vanquished.

Notes
Turn   | Place    | Note
-------+----------+-------------------------------------------
     0 | D:1      | Demosthentine the Demonspawn Gladiator began the quest for
                  | the Orb.
     0 | D:1      | Reached XP level 1. HP: 16/16 MP: 1/1
    70 | D:1      | Gained mutation: You have a pair of small antennae on your
                  | head. [demonic ancestry]
    70 | D:1      | Reached XP level 2. HP: 12/22 MP: 2/2
   211 | D:1      | Found Xoqoroiff's Vocational Training.
   296 | D:1      | Reached skill level 3 in Polearms
   314 | D:1      | Reached skill level 1 in Armour
   364 | D:1      | Reached XP level 3. HP: 27/28 MP: 3/3
  1714 | D:3      | Gained mutation: You have a pair of antennae on your head.
                  | [demonic ancestry]
  1714 | D:3      | Reached XP level 4. HP: 34/34 MP: 4/4
  2080 | D:3      | Found a runed translucent door.
  2082 | D:3      | Noticed TrollFarmer's ghost (amateur SpEn)
  2756 | D:3      | Found a hazy altar of Hepliaklqana.
  2860 | D:3      | Found a faded altar of an unknown god.
  2939 | D:3      | Killed TrollFarmer's ghost
  2940 | D:3      | Reached XP level 5. HP: 41/41 MP: 5/5
  3031 | D:3      | Reached XP level 6. HP: 47/47 MP: 6/6
  3344 | D:4      | Reached skill level 4 in Polearms
  3353 | D:4      | Found a staircase to the Ecumenical Temple.
  3384 | D:4      | Slain by a gnoll

Illustrated notes

Levels and vault maps discovered:
D:1:      roderic_crop_circles_arrival_small, layout_basic,
          columned_hall_lemuel, roderic_roman_lattice, nicolae_shop_vocational
D:2:      layout_loops_ring
D:3:      layout_loops_corners, nzn_hepliaklqana_mist_gate,
          shapermc_ecumenical_altar_mp_ritualfount,
          ebering_ghost_reflecting_pool, minmay_goblin_outpost
D:4:      layout_cave_pools, minmay_temple_entry_overgrown,
          hangedman_abyss_or_decor_passed, dreamdust_gnoll_farm

Skill      XL: |  1  2  3  4  5  6 |
---------------+-------------------+-----
Polearms       | 3 4 |  4.0
Dodging        | 3 |  3.8
Armour         | 1 2 |  2.5
Fighting       | 3 |  3.5
Throwing       | |  1.7

Action                     |  1- 3 |  4- 6 || total
---------------------------+-------+-------++-------
  Melee: Trident           |   156 |   120 ||   276
    Use: Scroll            |     6 |     5 ||    11
         Potion            |       |     1 ||     1
   Stab: Sleeping          |     1 |       ||     1
 Armour: Leather armour    |    35 |    34 ||    69
  Dodge: Dodged            |    82 |   107 ||   189
  Block: Other             |       |    24 ||    24
